 Dungeon Crawl Stone Soup version 0.31-a0-232-gb1c03b2570 (webtiles) character file.

Game seed: 12942268358794911391

528592 PaperRat the Deadly Accurate (level 24, -2/227 HPs)
             Began as a Troll Wanderer on July 7, 2023.
             Was the Champion of Hepliaklqana.
             Killed from afar by a quicksilver dragon (23 damage)
             ... with a bolt of dispelling energy
             ... on level 4 of the Depths on July 8, 2023.
             The game lasted 05:05:35 (57113 turns).

PaperRat the Deadly Accurate (Troll Wanderer)      Turns: 57113, Time: 05:05:35

Health: -2/227     AC: 38    Str: 34    XL:     24   Next: 35%
Magic:  28/28      EV:  7    Int:  5    God:    Hepliaklqana [******]
Gold:   1535       SH: 26    Dex: 15    Spells: 23/23 levels left

rFire   + .          .
                       - Unarmed
rCold   + . .        j - +1 tower shield {rN+}
rNeg    + . .        N - +12 gold dragon scales
rPois   +            q - +2 hat
rElec   +            k - +2 cloak {rCorr}
rCorr   +            (gloves unavailable)
SInv    +            (boots unavailable)
Will    +++..        M - amulet "Azivish" {Reflect +Blink rPois rC- SH+5 Stlth+} Stlth
                     a - ring "Dumogh" {Wiz Will++ SInv, =R}
HPRegen 1.37/turn    L - ring of Kakhaora {Wiz rElec rC+ Stlth-}
MPRegen 0.21/turn

%: reflection, wizardry (x2)
@: studying 2 skills
A: reduced essence, large, unfitting armour, claws 3, regeneration 1, shaggy fur
1, tough skin 1, strong 1
}: 3/15 runes: serpentine, barnacled, slimy
a: Renounce Religion, Evoke Blink, Recall Ancestor, Ancestor Identity,
Transference, Idealise


You were on level 4 of the Depths.
You worshipped Hepliaklqana.
Hepliaklqana was exalted by your worship.
You visited 11 branches of the dungeon, and saw 48 of its levels.
You visited 1 bazaar.
You also visited: Trove, Ice Cave, Wizlab and Desolation.

You collected 7016 gold pieces.
You spent 5481 gold pieces at shops.

Inventory:

Missiles
 m - 4 boomerangs of dispersal
 v - 3 silver javelins
 D - 41 boomerangs (quivered)
 F - 11 curare-tipped darts
 G - 26 javelins
 I - 7 datura-tipped darts
 S - 7 throwing nets {!f}
 T - 103 large rocks
Armour
 j - a +1 tower shield of positive energy (worn)
 k - a +2 cloak of preservation (worn)
 q - a +2 hat (worn)
 N - +12 gold dragon scales (worn)
Jewellery
 a - the ring "Dumogh" (left claw) {Wiz Will++ SInv, =R}
   (You bought it in a shop on level 2 of the Depths)

   [ring of wizardry]

   It improves your spell success rate.
   SInv:      It lets you see invisible.
   Will:      It greatly increases your willpower.
 u - a ring of flight
 y - the ring of Igien {Fire Will+}
   (You found it on level 2 of the Lair of Beasts)

   [ring of fire]

   It enhances your fire magic.
   rF:        It protects you from fire.
   rC:        It makes you vulnerable to cold.
   Will:      It increases your willpower.
 A - the ring "Qorphuuso" {rF+ rCorr Str+2 Int-3 Dex+6}
   (You took it off a deep elf sorcerer on level 3 of the Elven Halls)

   [ring of dexterity]

   Str:       It affects your strength (+2).
   Int:       It affects your intelligence (-3).
   Dex:       It affects your dexterity (+6).
   rF:        It protects you from fire.
   rCorr:     It protects you from acid and corrosion.
 L - the ring of Kakhaora (right claw) {Wiz rElec rC+ Stlth-}
   (You found it on level 5 of the Lair of Beasts)

   [ring of wizardry]

   It improves your spell success rate.
   rC:        It protects you from cold.
   rElec:     It insulates you from electricity.
   Stlth:     It makes you less stealthy.
 M - the amulet "Azivish" (around neck) {Reflect +Blink rPois rC- SH+5 Stlth+}
   (You found it on level 3 of the Elven Halls)

   [amulet of reflection]

   It reflects blocked missile attacks.
   rC:        It makes you vulnerable to cold.
   rPois:     It protects you from poison.
   +Blink:    It lets you blink.
   SH:        It affects your SH (+5).
   Stlth:     It makes you more stealthy.
 Q - the ring of Qiweehes {Fly rElec rN+ Str+3 Int+4 Slay-5}
   (You took it off a ragged hierophant in the Desolation of Salt)

   [ring of flight]

   Str:       It affects your strength (+3).
   Int:       It affects your intelligence (+4).
   Slay:      It affects your accuracy & damage with ranged weapons and melee
   (-5).
   rElec:     It insulates you from electricity.
   rN:        It protects you from negative energy.
   Fly:       It grants you flight.
Wands
 b - a wand of iceblast (32)
 c - a wand of acid (19)
 d - a wand of digging (24)
 n - a wand of paralysis (42)
 z - a wand of mindburst (28)
Scrolls
 g - a scroll of butterflies {@r6}
 i - 12 scrolls of teleportation {@r3}
 o - 3 scrolls of fear {@r4}
 x - a scroll of revelation
 E - 6 scrolls of blinking {@r5}
 H - 4 scrolls of fog {@r2}
 K - 5 scrolls of vulnerability
 R - 2 scrolls of silence
 U - 9 scrolls of immolation
 Y - 7 scrolls of poison
Potions
 e - 8 potions of lignification
 f - a potion of invisibility
 h - 6 potions of ambrosia
 l - 5 potions of enlightenment {@q6}
 p - 30 potions of curing {@q1}
 r - 5 potions of mutation {@q7}
 s - 5 potions of magic
 t - 3 potions of berserk rage
 w - 7 potions of haste {@q4}
 J - a potion of cancellation
 O - 6 potions of heal wounds {@q2}
 P - 4 potions of might {@q3}
 W - 4 potions of resistance
Miscellaneous
 B - a phantom mirror
 C - a condenser vane (inert)
 V - a lightning rod (4/4)
 X - a box of beasts
 Z - a phial of floods


   Skills:
 + Level 17.4 Fighting
 + Level 20.5 Throwing
 - Level 13.0 Armour
 - Level 8.0 Dodging
 - Level 1.5 Stealth
 - Level 18.3 Shields
 - Level 20.0 Unarmed Combat
 - Level 8.0 Invocations
 - Level 5.4 Evocations


You had 23 spell levels left.
You didn't know any spells.
Your spell library contained the following spells:

 Spells                   Type           Power      Damage    Failure   Level
 Apportation              Tloc           0%         N/A       94%         1
 Foxfire                  Conj/Fire      0%         2x1d4     94%         1
 Magic Dart               Conj           0%         1d3       94%         1
 Necrotise                Necr           0%         1d4       94%         1
 Sandblast                Erth           0%         2d4       94%         1
 Shock                    Conj/Air       0%         1d3       94%         1
 Slow                     Hex            0%         N/A       94%         1
 Sting                    Tmut/Pois      0%         1d3       94%         1
 Summon Small Mammal      Summ           0%         N/A       94%         1
 Blink                    Tloc           0%         N/A       98%         2
 Cigotuvi's Dreadful Rot  Necr/Pois/Air  0%         N/A       98%         2
 Ensorcelled Hibernation  Hex/Ice        0%         N/A       98%         2
 Lesser Beckoning         Tloc           0%         N/A       98%         2
 Passwall                 Tmut/Erth      0%         N/A       98%         2
 Poisonous Vapours        Pois/Air       0%         N/A       98%         2
 Scorch                   Fire           0%         2d5       98%         2
 Searing Ray              Conj           0%         2d4       98%         2
 Static Discharge         Conj/Air       0%         2-2/arc   98%         2
 Sublimation of Blood     Necr           0%         N/A       98%         2
 Wereblood                Tmut           0%         N/A       98%         2
 Call Canine Familiar     Summ           0%         N/A       100%        3
 Confusing Touch          Hex            0%         N/A       100%        3
 Gell's Gravitas          Tloc           0%         N/A       100%        3
 Hailstorm                Conj/Ice       0%         3d3       100%        3
 Ignite Poison            Fire/Tmut/Pois 0%         N/A       100%        3
 Inner Flame              Hex/Fire       0%         N/A       100%        3
 Mephitic Cloud           Conj/Pois/Air  0%         N/A       100%        3
 Ozocubu's Armour         Ice            0%         N/A       100%        3
 Portal Projectile        Hex/Tloc       0%         N/A       100%        3
 Spider Form              Tmut/Pois      0%         N/A       100%        3
 Stone Arrow              Conj/Erth      0%         3d7       100%        3
 Summon Guardian Golem    Hex/Summ       0%         N/A       100%        3
 Swiftness                Air            0%         N/A       100%        3
 Teleport Other           Tloc           0%         N/A       100%        3
 Vampiric Draining        Necr           0%         2d6       100%        3
 Vhi's Electric Charge    Tloc/Air       0%         N/A       100%        3
 Volatile Blastmotes      Fire/Tloc      0%         2d10      100%        3
 Airstrike                Air            0%         2d(0-16)  100%        4
 Anguish                  Hex/Necr       0%         N/A       100%        4
 Animate Armour           Summ/Erth      0%         N/A       100%        4
 Cause Fear               Hex            0%         N/A       100%        4
 Flame Wave               Conj/Fire      0%         2d4       100%        4
 Fulminant Prism          Conj/Hex       0%         3d5       100%        4
 Ice Form                 Ice/Tmut       0%         N/A       100%        4
 Iskenderun's Mystic Bla  Conj/Tloc      0%         2d3       100%        4
 Leda's Liquefaction      Hex/Erth       0%         N/A       100%        4
 Manifold Assault         Tloc           0%         N/A       100%        4
 Olgreb's Toxic Radiance  Pois           0%         N/A       100%        4
 Passage of Golubria      Tloc           0%         N/A       100%        4
 Petrify                  Tmut/Erth      0%         N/A       100%        4
 Sticky Flame             Conj/Fire      0%         2d3       100%        4
 Agony                    Necr           0%         N/A       100%        5
 Alistair's Intoxication  Tmut/Pois      0%         N/A       100%        5
 Arcjolt                  Conj/Air       0%         1d10      100%        5
 Borgnjor's Vile Clutch   Necr/Erth      0%         N/A       100%        5
 Fireball                 Conj/Fire      0%         3d3       100%        5
 Iskenderun's Battlesphe  Conj           0%         2d6       100%        5
 Lee's Rapid Deconstruct  Erth           0%         3d4*      100%        5
 Metabolic Englaciation   Hex/Ice        0%         N/A       100%        5
 Silence                  Hex/Air        0%         N/A       100%        5
 Summon Mana Viper        Hex/Summ       0%         N/A       100%        5
 Conjure Ball Lightning   Conj/Air       0%         3x3d6     100%        6
 Dispersal                Tloc           0%         N/A       100%        6
 Eringya's Noxious Bog    Tmut/Pois      0%         4d6       100%        6
 Leda's Unmaking          Conj/Erth      0%         9d1       100%        6
 Plasma Beam              Fire/Air       0%         2x1d10    100%        6
 Simulacrum               Ice/Necr       0%         N/A       100%        6
 Starburst                Conj/Fire      0%         6d3       100%        6
 Statue Form              Tmut/Erth      0%         N/A       100%        6
 Dragon Form              Tmut           0%         N/A       100%        7
 Enfeeble                 Hex            0%         N/A       100%        7
 Malign Gateway           Summ/Tloc      0%         N/A       100%        7
 Orb of Destruction       Conj           0%         9d5       100%        7
 Spellforged Servitor     Conj/Summ      0%         N/A       100%        7
 Storm Form               Tmut/Air       0%         N/A       100%        7
 Summon Hydra             Summ           0%         N/A       100%        7
 Discord                  Hex            0%         N/A       100%        8
 Disjunction              Tloc           0%         N/A       100%        8
 Maxwell's Capacitive Co  Air            0%         ∞         100%        8
 Chain Lightning          Conj/Air       0%         N/A       100%        9
 Dragon's Call            Summ           0%         N/A       100%        9
 Fire Storm               Conj/Fire      0%         5d1       100%        9
 Shatter                  Erth           0%         3d5*      100%        9


Dungeon Overview and Level Annotations

Branches:
Dungeon (15/15)            Temple (1/1) D:4            Lair (5/5) D:10
 Shoals (4/4) Lair:2        Snake (4/4) Lair:2        Slime (5/5) Lair:4
    Orc (2/2) D:12            Elf (3/3) Orc:2        Vaults (4/5) D:14
  Crypt (0/3) Vaults:3     Depths (4/4) D:15            Zot (1/5) Depths:4
  IceCv (visited)          WizLab (visited)         Desolation (visited)

Altars:
Ashenzari
Cheibriados
Dithmenos
Elyvilon
Fedhas
Gozag
Hepliaklqana
Kikubaaqudgha
Makhleb
Nemelex Xobeh
Okawaru
Qazlal
Ru
Sif Muna
Trog
Uskayaw
Vehumet
Wu Jian
Xom
Yredelemnul
Zin
The Shining One
Jiyva
Lugonu

Shops:
D:5 ?   D:6 :   D:8 (   Orc:1 (   Orc:2 :*[(   Elf:1 !   Elf:2 *?::   Elf:3 *
Snake:1 :*   Snake:2 :   Vaults:2 :   Vaults:3 (   Depths:1 :=:   Depths:2 =

Portals:
Hell: Depths:1 Depths:2 Depths:3 Depths:4
Abyss: Depths:2 Depths:3
Pandemonium: Depths:2 Depths:4
Ziggurat: Depths:4

Annotations:
Elf:2 3 runed translucent doors


Innate Abilities, Weirdness & Mutations

Your life essence is reduced to manifest your ancestor. (-10% HP)
You are too large for most types of armour.
You have claws for hands.
Your natural rate of healing is unusually fast.
You are covered in fur. (AC +1)
You have tough skin. (AC +1)
Your muscles are strong. (Str +4, Int/Dex -1)


Message History

You feel much better.
The quicksilver dragon bites you but does no damage.
You block the quicksilver dragon's attack.
The tentacled monstrosity tentacle-slaps you but does no damage.
You block the tentacled monstrosity's attack.
The tentacled monstrosity tentacle-slaps you.
The tentacled monstrosity constricts you.
The quicksilver dragon breathes dispelling energy at you.
The bolt of dispelling energy hits you!!
* * * LOW HITPOINT WARNING * * *
Blink to where?
Press: ? - help, Dir - move target, p - quicksilver dragon The tentacled monstrosity's grasp on you weakens, but your attempt to escape fails.
As you read the scroll of blinking {@r5}, it crumbles to dust.
You block the quicksilver dragon's attack.
The quicksilver dragon claws you!
* * * LOW HITPOINT WARNING * * *
You block the tentacled monstrosity's attack.
The tentacled monstrosity barely misses you.
You block the tentacled monstrosity's attack.
The tentacled monstrosity constricts you.
* * * LOW HITPOINT WARNING * * *
Blink to where?
Press: ? - help, Dir - move target You escape the tentacled monstrosity's grasp.
As you read the scroll of blinking {@r5}, it crumbles to dust.
The quicksilver dragon breathes dispelling energy at you.
The bolt of dispelling energy hits you!!!
* * * LOW HITPOINT WARNING * * *
Blink to where?
Press: ? - help, Dir - move target
As you read the scroll of blinking {@r5}, it crumbles to dust.
Things that are here:
a +0 cloak; a +0 whip You close the door, pushing everything out of the way.
Things that are here:
a +0 hand axe; a +0 cloak; a +0 whip The quicksilver dragon breathes dispelling energy at you.
The bolt of dispelling energy hits you!!
You die...

#.# #..#.#.###.#####.##)..###..
#.# #..#......##...#####...####
#.# #..###.#.##.....## #...#...
#.# #..###.[)#.......###...#.##
#.#####......#.'.[###..##...##R#.
#.....#....[####.## ##∩#∩..###...
#####.###..)###### ######### ###.
#.......[........###(.∩#∩## ##.#)
#.###.###...####@##.X.##..###..'.
......R.##### #.#..D###......)##
#.###.#.# ####.#...# ##.....##
......#.# #....#..)## ##...##
..#####.########.##...## #####
..............##.###...#
.#####[.......##.D###+##
.R...#........###...).#
####.#........# #######


You could see a quicksilver dragon (catching breath).

Vanquished Creatures
  the Royal Jelly (Slime:5)
  An ancient lich (Depths:1)
  3 juggernauts
  5 caustic shrikes
  2 golden dragons
  Nikola (Shoals:2)
  A Cloud Mage (WizLab)
  The ghost of Ciuzocro the Blocker, an adept GnFi of Gozag (Shoals:3)
  Zenata (Vaults:3)
  Jorgrun (Orc:1)
  A tentacled monstrosity (Depths:4)
  Asterion (Snake:1)
  5 liches (Depths:1)
  A titan (Shoals:4)
  2 quicksilver dragons
  A deep elf master archer (Elf:3)
  A death cob (Depths:4)
  7 acid blobs (Slime:5)
  2 sphinxes
  Frances (Snake:1)
  2 krakens
  3 shadow dragons
  2 tengu reavers
  2 storm dragons
  Ilsuiw (Shoals:2)
  4 rockslimes
  4 nagarajas (Snake:4)
  5 azure jellies (Slime:5)
  2 fire giants
  Donald (Shoals:3)
  The ghost of Ackaureh the Brawler, a journeyman TrCA of Jiyva (D:15)
  3 frost giants
  An imperial myrmidon (Desolation)
  2 orc warlords
  2 draconian stormcallers (Depths:4)
  Aizul (Snake:1)
  2 deep elf sorcerers (Elf:3)
  A balrug (Depths:3)
  An iron dragon (Depths:4)
  A draconian shifter (Depths:4)
  4 vault wardens
  2 angels (Vaults:2)
  A spriggan defender (Depths:3)
  12 ironbound preservers
  2 deep elf elementalists (Elf:3)
  9 very ugly things
  2 war gargoyles (Vaults:4)
  3 formless jellyfish (Vaults:3)
  7 stone giants
  A reaper (Depths:4)
  2 deep elf demonologists (Elf:3)
  3 spark wasps (WizLab)
  4 ironbound thunderhulks
  4 quicksilver oozes (Slime:5)
  2 vampire knights
  2 black draconians (Depths:4)
  8 deep elf annihilators
  3 halazid warlocks (Desolation)
  A white draconian (Depths:4)
  A red draconian (Depths:4)
  A yellow draconian (Depths:4)
  12 dire elephants
  4 blizzard demons
  Snorg (Lair:3)
  An eidolon (D:15)
  14 merfolk impalers
  2 merfolk javelineers (Shoals:4)
  2 deep elf death magi (Elf:3)
  8 great orbs of eyes
  An ettin (Depths:3)
  3 crystal guardians
  3 ragged hierophants (Desolation)
  3 fire dragons
  3 entropy weavers
  3 jiangshi (Depths:2)
  3 deep elf high priests (Elf:3)
  10 yaktaur captains
  4 vault guards (Vaults:4)
  A rakshasa (Depths:2)
  Harold (D:9)
  4 hydras
  9 ice dragons
  2 servants of whispers (Desolation)
  2 alligator snapping turtles
  7 boulder beetles
  9 anacondas
  2 merfolk avatars
  Erica (D:11)
  12 peacekeepers
  6 centaur warriors
  7 ghost crabs (WizLab)
  A spriggan air mage (Depths:3)
  6 dancing weapons
  5 merfolk aquamancers
  5 two-headed ogres
  7 deep troll shamans
  13 ironbound frosthearts
  7 deep troll earth magi
  5 death yaks (Lair:5)
  3 vampire magi
  13 naga warriors
  A death yak (shapeshifter) (D:15)
  2 hell knights (Depths:1)
  4 tengu warriors
  An orc high priest (Orc:2)
  Urug (D:11)
  A spriggan berserker (Depths:4)
  5 deep elf knights
  10 shock serpents
  9 iron trolls
  12 naga sharpshooters
  A salamander mystic (Snake:2)
  11 skeletal warriors
  A sun demon (Depths:4)
  6 skysharks
  6 glowing orange brains
  43 deep trolls
  2 flayed ghosts (D:15)
  A phantasmal warrior (D:14)
  2 death drakes (WizLab)
  A naga ritualist (Snake:1)
  7 deep elf archers
  14 sea snakes
  4 wizards
  19 deep elf pyromancers
  4 necromancers
  20 deep elf zephyrmancers
  5 orc knights
  16 ironbound convokers
  7 lindwurms
  23 harpies
  4 shining eyes
  3 orc sorcerers
  33 ugly things
  7 manticores
  A mana viper (Snake:1)
  4 fauns (Shoals:2)
  A wolf spider (D:15)
  17 cyclopes
  4 salamanders
  10 elephants
  3 molten gargoyles (Desolation)
  21 black mambas
  A merfolk siren (Shoals:2)
  An ice statue (IceCv)
  2 smoke demons (Depths:3)
  8 water nymphs
  5 vault sentinels
  2 orange demons
  An eye of devastation (Slime:4)
  4 apocalypse crabs (WizLab)
  6 torpor snails
  6 guardian serpents
  A rust devil (D:10)
  7 naga magi
  Maggie (Lair:2)
  3 gargoyles
  4 kobold demonologists
  6 rime drakes
  8 cane toads
  2 unseen horrors
  8 freezing wraiths
  8 komodo dragons
  3 anaconda simulacra (IceCv)
  14 yaktaurs
  9 ice devils (IceCv)
  25 merfolk
  A red devil (Depths:4)
  7 trolls
  2 polar bears
  11 wind drakes
  32 saltlings
  9 hornets
  A hellwing (Depths:4)
  4 tyrant leeches (Lair:5)
  5 snapping turtles
  3 blink frogs (Lair:2)
  6 dream sheep
  36 slime creatures
  A shadow (D:9)
  2 dire elephant simulacra (IceCv)
  A vampire (D:10)
  18 air elementals
  26 water elementals
  4 wraiths
  5 wyverns
  A hog (shapeshifter) (Elf:1)
  49 yaks
  5 fire elementals
  8 redbacks
  4 basilisks
  A golden eye (Slime:5)
  5 steam dragons
  2 harpy simulacra (IceCv)
  3 vampire mosquitoes (D:11)
  4 death yak simulacra (IceCv)
  24 nagas
  2 wargs (Orc:2)
  A hydra simulacrum (IceCv)
  24 orc warriors
  9 water moccasins
  Duvessa (D:6)
  2 floating eyes
  5 hexers
  A black bear (shapeshifter) (D:14)
  A swamp drake (D:12)
  5 ogres
  2 ice beasts
  5 black bears
  A boulder beetle simulacrum (Lair:2)
  A sky beast (D:7)
  4 wolves
  5 boggarts
  6 centaurs
  4 phantoms
  4 kobold brigands
  16 bullfrogs
  2 skyshark simulacra (Lair:2)
  3 scorpions
  A necrophage (D:14)
  6 cane toad simulacra
  An earth elemental (Elf:1)
  4 two-headed ogre simulacra
  A wight (D:7)
  Dowan (D:6)
  5 elephant simulacra (IceCv)
  5 electric eels
  A rime drake simulacrum (Lair:2)
  2 howler monkeys (D:8)
  A crimson imp (D:14)
  A torpor snail simulacrum (Lair:2)
  A komodo dragon simulacrum (Lair:2)
  4 jellies
  A quasit (D:10)
  5 hounds
  18 orc priests
  Jessica (D:3)
  4 iguanas
  29 orc wizards
  2 sleepcaps
  Terence (D:3)
  2 hell rats
  5 polar bear simulacra
  A spriggan simulacrum (IceCv)
  2 troll simulacra (IceCv)
  3 wolf simulacra
  A basilisk simulacrum (Lair:2)
  6 adders
  3 gnolls
  A white imp (D:6)
  2 worms
  5 dart slugs
  72 orcs
  9 endoplasms
  15 giant cockroaches
  4 goblins
  9 hobgoblins
  4 jackals (D:5)
  10 kobolds
  A quokka (D:2)
  A training dummy (D:8)
  5 ball pythons
  5 bats
  6 rats
  3 tentacles
1495 creatures vanquished.

Vanquished Creatures (collateral kills)
  Xtahua (Vaults:2)
  A caustic shrike (Depths:4)
  Jory (Vaults:3)
  A tentacled monstrosity (Depths:3)
  Mlioglotl (Lair:2)
  2 deep elf blademasters (Elf:3)
  A deep elf master archer (Elf:3)
  2 acid blobs (Slime:5)
  2 sphinxes
  A fire giant (Depths:3)
  A rockslime (Slime:5)
  4 nagarajas
  A deep elf sorcerer (Elf:1)
  2 iron dragons (Depths:3)
  2 vault wardens
  Louise (Snake:1)
  2 deep elf elementalists (Elf:3)
  A quicksilver ooze (Slime:5)
  2 ironbound preservers (Vaults:2)
  2 stone giants
  The ghost of initializr the Severer, a journeyman HOFi of Uskayaw (Lair:2)
  A war gargoyle (Vaults:4)
  2 dire elephants
  A white draconian (Depths:4)
  A deep elf annihilator (Elf:3)
  A blizzard demon (WizLab)
  A merfolk javelineer (Shoals:4)
  3 deep elf death magi (Elf:3)
  A crystal guardian (Vaults:3)
  2 ettins
  4 merfolk impalers
  A great orb of eyes (Slime:5)
  2 rakshasas (D:15)
  5 spriggan air magi
  A catoblepas (Lair:4)
  3 peacekeepers
  4 hydras
  2 merfolk avatars
  3 ironbound frosthearts (Vaults:4)
  A merfolk aquamancer (Shoals:3)
  A deep troll shaman (Depths:3)
  An anaconda (Snake:4)
  2 deep troll earth magi
  6 naga warriors
  2 two-headed ogres
  A death yak (Lair:5)
  A spriggan berserker (Depths:2)
  A hell knight (Depths:1)
  3 skysharks
  A naga sharpshooter (Snake:2)
  A skeletal warrior (D:15)
  A death drake (WizLab)
  11 deep trolls
  4 sea snakes
  2 ironbound convokers
  3 wizards
  4 lindwurms
  A deep elf pyromancer (Elf:1)
  3 necromancers (Depths:1)
  A phantasmal warrior (Vaults:3)
  5 orc knights (Orc:2)
  3 deep elf zephyrmancers
  9 harpies
  An orc sorcerer (Depths:1)
  6 ugly things
  A salamander (Snake:4)
  A mana viper (Snake:1)
  A moth of wrath (Zot:1)
  A faun (Shoals:2)
  4 manticores
  3 cyclopes
  2 shining eyes
  An elephant (Lair:5)
  2 vault sentinels
  A merfolk siren (Shoals:1)
  A torpor snail (Lair:2)
  2 apocalypse crabs (WizLab)
  4 black mambas
  2 guardian serpents
  3 naga magi
  A water nymph (Shoals:4)
  A cane toad (Lair:3)
  2 rime drakes (Lair:2)
  An unseen horror (D:12)
  A kobold demonologist (D:7)
  A freezing wraith (IceCv)
  4 yaktaurs
  2 trolls (Orc:2)
  A troll (shapeshifter) (Vaults:2)
  10 merfolk
  3 hornets
  4 wind drakes
  3 snapping turtles
  16 saltlings (Desolation)
  3 dream sheep
  22 slime creatures
  9 water elementals
  4 air elementals
  3 basilisks
  5 yaks
  2 redbacks (D:14)
  A vampire mosquito (D:11)
  6 nagas
  An acid dragon (D:9)
  2 water moccasins
  3 orc warriors
  A black bear (Lair:2)
  An ogre (D:7)
  A wolf (Lair:4)
  A phantom (D:6)
  A kobold brigand (D:14)
  A two-headed ogre simulacrum (D:13)
  2 electric eels
  2 howler monkeys
  5 orc priests
  An iguana (D:5)
  6 orc wizards
  A spriggan simulacrum (D:13)
  A polar bear simulacrum (IceCv)
  2 white imps (IceCv)
  21 orcs
  2 training dummies (D:8)
  2 kobolds
  A butterfly (Lair:4)
  A tentacle (Shoals:3)
338 creatures vanquished.

Vanquished Creatures (others)
  A jiangshi (Vaults:3)
  A spriggan air mage (WizLab)
  A deep elf archer (Elf:1)
  A deep elf pyromancer (Elf:3)
  A rime drake (Lair:2)
  A tengu conjurer (Depths:1)
  5 merfolk (Shoals:4)
  A troll (Orc:1)
  A saltling (Desolation)
  An electric eel (D:14)
  45 hexers
  13 tentacles
72 creatures vanquished.

Grand Total: 1905 creatures vanquished

Notes
Turn   | Place    | Note
-------+----------+-------------------------------------------
     0 | D:1      | PaperRat the Troll Wanderer began the quest for the Orb.
     0 | D:1      | PaperRat set off with the following items: a +3 dagger, a
                  | scroll of blinking {@r5}, a potion of lignification, a +0
                  | robe, a wand of polymorph (5).
     0 | D:1      | Reached XP level 1. HP: 23/23 MP: 0/0
   209 | D:1      | Reached skill level 1 in Unarmed Combat
   475 | D:1      | Reached XP level 2. HP: 30/31 MP: 1/1
  1643 | D:2      | Reached XP level 3. HP: 37/37 MP: 2/2
  2471 | D:2      | Reached XP level 4. HP: 43/45 MP: 3/3
  2659 | D:3      | Noticed Jessica
  2662 | D:3      | Killed Jessica
  2663 | D:3      | Reached skill level 1 in Throwing
  2772 | D:3      | Found a sacrificial altar of Ru.
  2777 | D:3      | Found a sparkling altar of Nemelex Xobeh.
  2783 | D:3      | Reached XP level 5. HP: 52/53 MP: 4/4
  2786 | D:3      | Found a blossoming altar of Fedhas.
  2895 | D:3      | Noticed Terence
  2964 | D:3      | Killed Terence
  3273 | D:3      | Found a hazy altar of Hepliaklqana.
  3273 | D:3      | Found a basalt altar of Yredelemnul.
  3280 | D:3      | Found a burning altar of Makhleb.
  3282 | D:3      | Found a faded altar of an unknown god.
  3284 | D:3      | Found a faded altar of an unknown god.
  3410 | D:3      | Became a worshipper of Hepliaklqana the Forgotten
  3496 | D:4      | Noticed a black bear
  3510 | D:3      | Killed a black bear
  3511 | D:3      | Reached skill level 5 in Unarmed Combat
  3511 | D:3      | Reached XP level 6. HP: 31/61 MP: 5/5
  3701 | D:4      | Found a staircase to the Ecumenical Temple.
  3718 | Temple   | Entered the Ecumenical Temple
  4082 | D:5      | Entered Level 5 of the Dungeon
  4082 | D:5      | Reached * piety under Hepliaklqana
  4098 | D:5      | Reached XP level 7. HP: 61/61 MP: 6/6
  4207 | D:5      | Found Leinlyes's Magic Scroll Emporium.
  4214 | D:5      | Bought a scroll of fog for 48 gold pieces
  4214 | D:5      | Bought a scroll of teleportation for 36 gold pieces
  4269 | D:5      | Identified the +1 ring mail of Siakh {rF+ Int+5}
  4529 | D:5      | Reached XP level 8. HP: 69/71 MP: 7/7
  4743 | D:6      | Found Toif Gemn's Self-Improvement Boutique.
  4750 | D:6      | Noticed Duvessa
  4750 | D:6      | Noticed Dowan
  4771 | D:6      | Killed Duvessa
  4778 | D:6      | Killed Dowan
  4891 | D:6      | Reached skill level 5 in Fighting
  5028 | D:6      | Identified the +1 halberd "Ditak" {speed, rElec Str+4 Dex-5
                  | SInv}
  5084 | D:6      | Reached ** piety under Hepliaklqana
  5085 | D:6      | Remembered your ancestor Troll Vapour as a hexer
  5098 | D:6      | Found a hide-covered altar of Uskayaw.
  5098 | D:6      | Noticed a boulder beetle
  5105 | D:6      | Killed a boulder beetle
  5106 | D:6      | Reached XP level 9. HP: 80/80 MP: 8/8
  5149 | D:6      | Noticed a boulder beetle
  5159 | D:6      | Killed a boulder beetle
  5164 | D:6      | Found a shimmering blue altar of Sif Muna.
  5182 | D:6      | Identified the ring "Muhaesee" {Ice Will- rCorr Dex+2
                  | Slay+3}
  5378 | D:7      | Reached skill level 5 in Throwing
  5972 | D:8      | Reached skill level 10 in Unarmed Combat
  6099 | D:8      | Found Kummewkiu's Firing Range.
  6243 | D:5      | Bought a scroll of enchant armour for 90 gold pieces
  6505 | D:8      | Noticed a two-headed ogre
  6539 | D:8      | Reached XP level 10. HP: 90/90 MP: 9/9
  6549 | D:8      | Noticed a skeletal warrior
  6549 | D:8      | Noticed a skeletal warrior
  6550 | D:8      | Noticed a skeletal warrior
  6568 | D:8      | Killed a two-headed ogre
  6660 | D:9      | Reached *** piety under Hepliaklqana
  6785 | D:9      | Noticed Harold
  7027 | D:9      | Reached skill level 1 in Invocations
  7108 | D:9      | Killed Harold
  7288 | D:10     | Entered Level 10 of the Dungeon
  7360 | D:10     | Found a radiant altar of Vehumet.
  7360 | D:10     | Noticed a two-headed ogre
  7374 | D:10     | Killed a two-headed ogre
  7375 | D:10     | Reached XP level 11. HP: 99/99 MP: 12/12
  7429 | D:10     | Reached skill level 1 in Armour
  7524 | D:10     | Noticed a two-headed ogre
  7568 | D:9      | Killed a two-headed ogre
  8106 | D:10     | Reached **** piety under Hepliaklqana
  8163 | D:10     | Found a staircase to the Lair.
  8346 | D:10     | Noticed a two-headed ogre
  8357 | D:10     | Killed a two-headed ogre
  8534 | Lair:1   | Entered Level 1 of the Lair of Beasts
  8866 | Lair:1   | Reached XP level 12. HP: 73/111 MP: 14/14
  9541 | Lair:2   | Reached skill level 5 in Armour
  9637 | Lair:2   | Found a staircase to the Shoals.
  9714 | Lair:2   | Found a runed translucent gate.
  9715 | Lair:2   | Found a runed translucent gate.
  9752 | Lair:2   | Reached ***** piety under Hepliaklqana
  9804 | Lair:2   | Found a staircase to the Snake Pit.
  9953 | Lair:2   | Noticed a five-headed hydra
  9956 | Lair:2   | Killed a five-headed hydra
  9974 | Lair:2   | Reached skill level 10 in Fighting
  9992 | Lair:2   | Noticed an anaconda
 10002 | Lair:2   | Noticed a dire elephant
 10003 | Lair:2   | Killed an anaconda
 10018 | Lair:2   | Killed a dire elephant
 10238 | Lair:2   | Noticed initializr's ghost (journeyman HOFi)
 10280 | Lair:2   | Noticed Maggie
 10288 | Lair:2   | Killed Maggie
 10326 | Lair:2   | Found a runed translucent gate.
 10503 | Lair:2   | Noticed a five-headed hydra
 10590 | Lair:2   | Killed a six-headed hydra
 10892 | Lair:2   | Killed initializr's ghost
 11003 | Lair:2   | Reached skill level 5 in Dodging
 11043 | Lair:2   | Got the ring of Igien {Fire Will+}
 11097 | Lair:2   | Reached XP level 13. HP: 119/119 MP: 15/15
 11331 | Lair:3   | Noticed Snorg
 11346 | Lair:3   | Killed Snorg
 11384 | Lair:3   | Noticed Sonja
 11385 | Lair:3   | Sonja changed into Sonja the ice beast
 11385 | Lair:3   | Noticed Sonja
 11387 | Lair:3   | Killed Sonja the ice beast
 12110 | Lair:4   | Reached skill level 1 in Shields
 12427 | Lair:4   | Found a staircase to the Slime Pits.
 13089 | Lair:5   | Entered Level 5 of the Lair of Beasts
 13190 | Lair:5   | Reached skill level 5 in Shields
 13286 | Lair:5   | Found a runed translucent door.
 13435 | Lair:5   | Reached XP level 14. HP: 114/129 MP: 16/16
 14040 | Lair:5   | Identified the ring of Kakhaora {Wiz rElec rC+ Stlth-}
 14348 | Lair:5   | Paralysed by a hornet for 2 turns
 14430 | Lair:5   | Paralysed by a hornet for 3 turns
 15395 | D:8      | Found Kummewkiu's Firing Range.
 15919 | D:8      | Found Kummewkiu's Firing Range.
 16370 | D:7      | Reached skill level 15 in Unarmed Combat
 16674 | D:8      | Bought 6 boomerangs for 180 gold pieces
 16674 | D:8      | Bought 5 boomerangs for 150 gold pieces
 16674 | D:8      | Bought 5 javelins for 225 gold pieces
 16674 | D:8      | Bought 5 javelins for 225 gold pieces
 16837 | D:11     | Noticed Erica
 16848 | D:11     | Killed Erica
 16904 | D:11     | Noticed Urug
 16920 | D:11     | Killed Urug
 17942 | D:12     | Found a staircase to the Orcish Mines.
 18350 | D:12     | Got the Monograph on Displacement
 18759 | Orc:1    | Entered Level 1 of the Orcish Mines
 18842 | Orc:1    | Reached XP level 15. HP: 127/138 MP: 17/17
 18958 | Orc:2    | Entered Level 2 of the Orcish Mines
 19073 | Orc:1    | Found Bilel's Weapon Emporium.
 19172 | Orc:1    | Found a shimmering blue altar of Sif Muna.
 19451 | Orc:2    | Reached skill level 5 in Invocations
 19455 | Orc:2    | Found a staircase to the Elven Halls.
 19750 | Orc:1    | Noticed Jorgrun
 19788 | Orc:1    | Killed Jorgrun
 19829 | Orc:1    | Reached ****** piety under Hepliaklqana
 20320 | Orc:2    | Reached skill level 10 in Shields
 20336 | Orc:2    | Found Tonin's Book Shop.
 20364 | Orc:2    | Found Fowk's Antique Weapon Shoppe.
 20366 | Orc:2    | Found Ydghon's Armour Shoppe.
 20422 | Orc:2    | Found Zerynec's Assorted Antiques.
 20491 | Orc:2    | Bought a scroll of identify for 50 gold pieces
 20921 | D:13     | Found a frozen archway.
 20975 | IceCv    | Entered an ice cave
 21067 | IceCv    | Reached skill level 10 in Throwing
 21153 | IceCv    | Found an ancient bone altar of Kikubaaqudgha.
 22895 | D:14     | Found a gate to the Vaults.
 23027 | D:14     | Reached XP level 16. HP: 148/148 MP: 20/20
 23426 | D:15     | Entered Level 15 of the Dungeon
 23619 | D:15     | Found a runed translucent gate.
 23619 | D:15     | Found a runed translucent gate.
 23619 | D:15     | Found a runed translucent gate.
 23664 | D:15     | Noticed Ackaureh's ghost (journeyman TrCA)
 23800 | D:15     | Found a staircase to the Depths.
 24811 | Snake:1  | Entered Level 1 of the Snake Pit
 24834 | Snake:1  | Noticed Aizul
 24852 | Snake:1  | Killed Aizul
 25028 | Snake:1  | Found Xioweonn's Book Emporium.
 25142 | Snake:1  | Found Pilem's Assorted Antiques.
 25149 | Snake:1  | Bought a scroll of immolation for 116 gold pieces
 25149 | Snake:1  | Bought a phial of floods for 1160 gold pieces
 25149 | Snake:1  | Bought a heavily runed amber ring for 145 gold pieces
 25149 | Snake:1  | Identified the ring of Pikohi {Wiz rElec rCorr Str-4 SInv}
                  | (You bought it in a shop on level 1 of the Snake Pit)
 25151 | Snake:1  | Bought a blackened gilded ring for 145 gold pieces
 25151 | Snake:1  | Bought an emerald ring for 145 gold pieces
 25207 | Snake:1  | Noticed Louise
 25224 | Snake:1  | Killed Louise
 25277 | Snake:1  | Noticed Asterion
 25284 | Snake:1  | Noticed an Executioner
 25800 | Snake:1  | Noticed Frances
 25820 | Snake:1  | Killed Frances
 26232 | Snake:1  | Killed Asterion
 26660 | Snake:2  | Found Pep Vay's Book Shoppe.
 27137 | Snake:3  | Found a radiant altar of Vehumet.
 27333 | Snake:3  | Identified the ring of Iriuddocu {Drain Int+4 Slay+4 SInv}
 27397 | Snake:3  | Found a basalt altar of Yredelemnul.
 28285 | Snake:4  | Entered Level 4 of the Snake Pit
 28348 | Snake:4  | Reached XP level 17. HP: 88/157 MP: 22/22
 28454 | Snake:4  | Got the Folio of the Blinking Gathering
 30122 | Snake:4  | Got a serpentine rune of Zot
 30626 | Orc:2    | Bought a potion of resistance for 250 gold pieces
 30626 | Orc:2    | Bought a scroll of teleportation for 75 gold pieces
 30829 | Shoals:1 | Entered Level 1 of the Shoals
 30886 | Shoals:1 | Noticed Mlioglotl
 31017 | Lair:2   | Killed Mlioglotl
 31330 | Shoals:1 | You fall into a shaft and drop 1 floor!
 31330 | Shoals:2 | Noticed Ilsuiw
 31472 | Shoals:2 | Noticed Nikola
 31484 | Shoals:2 | Killed Nikola
 32396 | Shoals:2 | Killed Ilsuiw
 32397 | Shoals:2 | Reached XP level 18. HP: 120/166 MP: 8/23
 32723 | Shoals:3 | Noticed Donald
 32730 | Shoals:3 | Killed Donald
 32735 | Shoals:3 | Found a transporter.
 32741 | Shoals:3 | Found a transporter.
 32764 | Shoals:3 | Noticed Ciuzocro's ghost (adept GnFi)
 33634 | Shoals:3 | Killed Ciuzocro's ghost
 33660 | Shoals:3 | Identified the ring "Kuamaliq" {Fly rPois rC- Will+ Dex+3}
 33706 | Shoals:4 | Entered Level 4 of the Shoals
 33749 | Shoals:4 | Paralysed by an air elemental for 1 turns
 33927 | Shoals:4 | Paralysed by an air elemental for 1 turns
 34482 | Shoals:4 | Paralysed by an air elemental for 1 turns
 34499 | Shoals:4 | Paralysed by an air elemental for 1 turns
 34576 | Shoals:4 | Paralysed by an air elemental for 1 turns
 34785 | Shoals:4 | Got a barnacled rune of Zot
 35564 | Vaults:1 | Entered Level 1 of the Vaults
 35846 | Vaults:1 | Reached XP level 19. HP: 153/170 MP: 24/24
 36328 | Vaults:1 | Reached skill level 15 in Shields
 37930 | Vaults:1 | Identified the +7 falchion of Hospitality {flame, Str+5
                  | Stlth+}
 38242 | Vaults:2 | Found Onavukee's Book Shoppe.
 38315 | Vaults:2 | Reached skill level 15 in Throwing
 38433 | Vaults:2 | Found a glowing silver altar of Zin.
 38433 | Vaults:2 | Found a glowing golden altar of the Shining One.
 38433 | Vaults:2 | Found a crumbling gateway.
 38470 | Vaults:2 | Found a white marble altar of Elyvilon.
 38482 | Desolati | Entered the Desolation of Salt
 38665 | Desolati | Identified the +7 morningstar "Gots" {antimagic, Fly rElec
                  | rPois Int+6}
 38670 | Desolati | Got the Catalogue of Flamy Composition
 38920 | Desolati | Got the Handbook of Fiery Composition
 38938 | Desolati | Got the Quarto of Geometric Execration
 39005 | Desolati | Identified the ring of Qiweehes {Fly rElec rN+ Str+3 Int+4
                  | Slay-5}
 39061 | Desolati | Identified the +1 pair of boots of Gestures {rF+ rN+}
 39074 | Desolati | Got Sif Muna's Compendium of Obstruction and Toxicants
 39075 | Desolati | Identified the ring "Taodixt" {Wiz Str+3 Int+5}
 39815 | Vaults:2 | Reached XP level 20. HP: 185/185 MP: 25/25
 40631 | Vaults:3 | Noticed Zenata
 40635 | Vaults:3 | Noticed Xtahua
 40760 | Vaults:3 | Found a staircase to the Crypt.
 40941 | Vaults:2 | Killed Xtahua
 41043 | Vaults:3 | Killed Zenata
 41126 | Vaults:3 | Reached skill level 10 in Armour
 41535 | Vaults:3 | Found Senedgh's Weapon Emporium.
 41682 | Vaults:3 | Paralysed by a great orb of eyes for 2 turns
 41708 | Vaults:3 | Noticed Jory
 42249 | Vaults:3 | Found a staircase to the Crypt.
 42686 | Vaults:3 | Found Senedgh's Weapon Emporium.
 43051 | Vaults:3 | Found Senedgh's Weapon Emporium.
 43108 | Vaults:3 | Killed Jory
 43261 | Vaults:3 | Found a staircase to the Crypt.
 44060 | Vaults:4 | Found a flickering gateway to a bazaar.
 44071 | Bazaar   | Entered a bazaar
 44076 | Bazaar   | Found Icwybo's Antique Armour Shop.
 44080 | Bazaar   | Found Taom Wye's Book Shop.
 45171 | Vaults:4 | Reached XP level 21. HP: 193/193 MP: 26/26
 45992 | Slime:1  | Entered Level 1 of the Pits of Slime
 46041 | Slime:1  | Gained mutation: You are vulnerable to cold. (rC-) [a
                  | shining eye]
 46044 | Slime:1  | Lost mutation: You are vulnerable to cold. (rC-) [potion of
                  | mutation]
 46044 | Slime:1  | Gained mutation: You are partially covered in iridescent
                  | scales. (AC +2) [potion of mutation]
 46044 | Slime:1  | Gained mutation: You occasionally lose the ability to read
                  | scrolls when taking damage. [potion of mutation]
 46044 | Slime:1  | Gained mutation: You are weak. (Str -2) [potion of
                  | mutation]
 46045 | Slime:1  | Lost mutation: You are weak. (Str -2) [potion of mutation]
 46045 | Slime:1  | Lost mutation: You are partially covered in iridescent
                  | scales. (AC +2) [potion of mutation]
 46045 | Slime:1  | Lost mutation: You occasionally lose the ability to read
                  | scrolls when taking damage. [potion of mutation]
 46045 | Slime:1  | Gained mutation: Armour fits poorly on your strangely
                  | shaped body. [potion of mutation]
 46045 | Slime:1  | Gained mutation: Your mind is acute. (Int +4, Str/Dex -1)
                  | [potion of mutation]
 46046 | Slime:1  | Lost mutation: Armour fits poorly on your strangely shaped
                  | body. [potion of mutation]
 46046 | Slime:1  | Lost mutation: Your mind is acute. (Int +4, Str/Dex -1)
                  | [potion of mutation]
 46046 | Slime:1  | Gained mutation: You have an increased reservoir of magic.
                  | (+10% MP) [potion of mutation]
 46046 | Slime:1  | Gained mutation: You have hidden genetic potential. [potion
                  | of mutation]
 46061 | Slime:2  | Gained mutation: You are vulnerable to cold. (rC-) [a
                  | shining eye]
 46092 | Slime:2  | Lost mutation: You have an increased reservoir of magic.
                  | (+10% MP) [potion of mutation]
 46092 | Slime:2  | Lost mutation: You have hidden genetic potential. [potion
                  | of mutation]
 46092 | Slime:2  | Lost mutation: You are vulnerable to cold. (rC-) [potion of
                  | mutation]
 46092 | Slime:2  | Gained mutation: You occasionally lose the ability to read
                  | scrolls when taking damage. [potion of mutation]
 46092 | Slime:2  | Gained mutation: You have very sharp teeth. [potion of
                  | mutation]
 46093 | Slime:2  | Lost mutation: You have very sharp teeth. [potion of
                  | mutation]
 46093 | Slime:2  | Lost mutation: You occasionally lose the ability to read
                  | scrolls when taking damage. [potion of mutation]
 46093 | Slime:2  | Gained mutation: Your muscles are strong. (Str +4, Int/Dex
                  | -1) [potion of mutation]
 46287 | Slime:5  | Entered Level 5 of the Pits of Slime
 46379 | Slime:5  | Found a viscous altar of Jiyva.
 46379 | Slime:5  | Noticed the Royal Jelly
 46425 | Slime:5  | Reached skill level 15 in Fighting
 46431 | Slime:5  | Killed the Royal Jelly
 46545 | Slime:5  | Identified the staff "Geicul" {Fly rF+ Stlth+ Fire Earth}
 46558 | Slime:5  | Found the +11 Singing Sword {sonic wave}
 46577 | Slime:5  | Identified the +10 morningstar "Wucsayt" {speed, *Noise
                  | rElec rF+ rN++}
 46583 | Slime:5  | Identified the +8 whip of Dawn {chaos, rElec rPois MP+9
                  | Dex-5}
 46666 | Slime:5  | Reached skill level 5 in Evocations
 46666 | Slime:5  | Reached XP level 22. HP: 204/204 MP: 27/27
 46676 | Slime:5  | Got the Octavo of the Stinger
 46678 | Slime:5  | Got a slimy rune of Zot
 47189 | D:15     | Killed Ackaureh's ghost
 47241 | Depths:1 | Entered Level 1 of the Depths
 47317 | Depths:1 | Identified the +6 lajatang of the Volcano {flame, Will+}
 47450 | Depths:1 | Found a broken altar of Ashenzari.
 47976 | Depths:1 | Found a gateway to Hell.
 47992 | Depths:1 | Found Gedosefogg's Book Shoppe.
 47992 | Depths:1 | Found Jutur's Jewellery Boutique.
 47993 | Depths:1 | Found Xuusy's Book Shoppe.
 48256 | Depths:1 | Found a runed translucent door.
 48264 | Depths:1 | Noticed an ancient lich
 48265 | Depths:1 | Found a radiant altar of Vehumet.
 48301 | Depths:1 | Killed an ancient lich
 48315 | Depths:1 | Got the Directory of Battling
 48492 | Depths:2 | Found Ixte's Jewellery Emporium.
 48493 | Depths:2 | Found a one-way gate leading to the halls of Pandemonium.
 48497 | Depths:2 | Bought the ring "Dumogh" {Wiz Will++ SInv} for 938 gold
                  | pieces
 48534 | Depths:2 | Found a magical portal.
 48557 | WizLab   | Entered The Chambers of the Cloud Mage
 48574 | WizLab   | Paralysed by an air elemental for 1 turns
 48581 | WizLab   | Paralysed by an air elemental for 1 turns
 48597 | WizLab   | Paralysed by an air elemental for 1 turns
 48601 | WizLab   | Paralysed by an air elemental for 1 turns
 48614 | WizLab   | Paralysed by an air elemental for 1 turns
 48619 | WizLab   | Paralysed by an air elemental for 1 turns
 48841 | WizLab   | Paralysed by an air elemental for 1 turns
 48925 | WizLab   | Paralysed by an air elemental for 1 turns
 48931 | WizLab   | Paralysed by an air elemental for 1 turns
 48940 | WizLab   | Paralysed by an air elemental for 1 turns
 49068 | WizLab   | Identified the +0 war axe "Tormentor" {venom, rPois Dex+3}
 49074 | WizLab   | Got Rerote's Essays on Turbulence
 49199 | Depths:2 | Reached XP level 23. HP: 215/215 MP: 28/28
 49248 | Depths:2 | Noticed a caustic shrike
 49258 | Depths:2 | Killed a caustic shrike
 49285 | Depths:2 | Found a blossoming altar of Fedhas.
 49637 | Depths:2 | Found a corrupted altar of Lugonu.
 49638 | Depths:2 | Found a one-way gate to the infinite horrors of the Abyss.
 50244 | Depths:3 | Noticed a juggernaut
 50256 | Depths:3 | Killed a juggernaut
 50360 | Depths:3 | Noticed a juggernaut
 50374 | Depths:3 | Killed a juggernaut
 51112 | Depths:4 | Entered Level 4 of the Depths
 51194 | Depths:4 | Found a one-way gateway to a ziggurat.
 51219 | Depths:4 | Found a portal to a secret trove of treasure.
 52511 | Depths:4 | Found a stormy altar of Qazlal.
 52518 | Depths:4 | Identified the +3 shortbow of Incongruity {antimagic, rF+
                  | Will+ Dex+3}
 52671 | Depths:4 | Noticed a caustic shrike
 52671 | Depths:4 | Noticed a caustic shrike
 52671 | Depths:4 | Noticed a caustic shrike
 52671 | Depths:4 | Noticed a caustic shrike
 52674 | Depths:4 | Noticed a caustic shrike
 52681 | Depths:4 | Killed a caustic shrike
 52684 | Depths:4 | Killed a caustic shrike
 52688 | Depths:4 | Killed a caustic shrike
 52708 | Depths:4 | Killed a caustic shrike
 52712 | Depths:4 | Killed a caustic shrike
 52743 | Depths:4 | Noticed a juggernaut
 52765 | Depths:4 | Killed a juggernaut
 53263 | Depths:4 | Found a gate to the Realm of Zot.
 53325 | Depths:4 | You paid a toll of a +6 demon whip to enter a treasure
                  | trove
 53326 | Trove    | Entered a treasure trove
 53338 | Trove    | Identified the +10 dagger "Killer Klown's Bane" {distort,
                  | Str+2 Dex+3}
 53342 | Trove    | Identified the +1 spear of Valour {pain, Stlth+}
 53713 | Elf:1    | Entered Level 1 of the Elven Halls
 53713 | Elf:1    | Found a runed translucent gate.
 53713 | Elf:1    | Found a runed translucent gate.
 53713 | Elf:1    | Found a runed translucent gate.
 53713 | Elf:1    | Found a runed translucent gate.
 53713 | Elf:1    | Found a runed translucent gate.
 53713 | Elf:1    | Found a runed translucent gate.
 53714 | Elf:1    | Found a runed translucent door.
 53741 | Elf:1    | Found a runed translucent door.
 54024 | Elf:1    | Reached XP level 24. HP: 227/227 MP: 28/28
 54030 | Elf:1    | Paralysed by an air elemental for 1 turns
 54247 | Elf:1    | Found Pigabots's Distillery.
 54250 | Elf:1    | Bought a potion of heal wounds for 85 gold pieces
 54250 | Elf:1    | Bought a potion of mutation for 136 gold pieces
 54250 | Elf:1    | Bought a potion of might for 68 gold pieces
 54250 | Elf:1    | Bought a potion of lignification for 51 gold pieces
 54513 | Elf:2    | Paralysed by an air elemental for 1 turns
 54593 | Elf:2    | Found Beob's Book Shop.
 54595 | Elf:2    | Found Fomm's Book Shop.
 54595 | Elf:2    | Found Totovib's Magic Scroll Boutique.
 54598 | Elf:2    | Found Weigg's Assorted Antiques.
 54619 | Elf:2    | Bought a scroll of immolation for 60 gold pieces
 54619 | Elf:2    | Bought a scroll of teleportation for 45 gold pieces
 54622 | Elf:2    | Bought a potion of heal wounds for 155 gold pieces
 54622 | Elf:2    | Bought a potion of invisibility for 248 gold pieces
 54622 | Elf:2    | Bought a wand of iceblast (3) for 223 gold pieces
 54662 | Elf:2    | Found a runed translucent gate.
 54662 | Elf:2    | Found a runed translucent gate.
 54664 | Elf:2    | Found a runed translucent gate.
 55061 | Elf:1    | Identified the +1 robe "Kotoegats" {MP+9 Stlth+}
 55658 | Elf:3    | Entered Level 3 of the Elven Halls
 55659 | Elf:3    | Paralysed by an air elemental for 1 turns
 55775 | Elf:3    | Found Nipiq's Assorted Antiques.
 56011 | Elf:3    | Identified the amulet "Azivish" {Reflect +Blink rPois rC-
                  | SH+5 Stlth+}
 56026 | Elf:3    | Identified the amulet of Juiciyn {Spirit rF+ Str-3 SInv}
 56370 | Elf:3    | Identified the +9 glaive "Yrchysm" {heavy, Str+3}
 56370 | Elf:3    | Identified the ring "Qorphuuso" {rF+ rCorr Str+2 Int-3
                  | Dex+6}
 56393 | Elf:3    | Identified the +6 hand axe of Moral Flaws {speed, rPois
                  | Int-5 SInv}
 56502 | Elf:3    | Identified the +8 sling of Valour {drain, Str+6}
 56505 | Elf:3    | Identified the +3 great sword of the Chickpea {speed,
                  | Int+5}
 56518 | Elf:3    | Identified the +11 battleaxe "Otsuq" {heavy, *Corrode rPois
                  | MP+9 Int+3}
 56658 | Elf:3    | Bought a wand of iceblast (6) for 432 gold pieces
 57068 | Zot:1    | Entered Level 1 of the Realm of Zot
 57101 | Depths:4 | HP: 4/227 [quicksilver dragon/bolt of dispelling energy
                  | (36)]
 57113 | Depths:4 | Killed from afar by a quicksilver dragon

Illustrated notes

Levels and vault maps discovered:
D:1:      evilmike_arrival_fibonacci_small, layout_basic
D:2:      minmay_roachtagon, layout_loops_corners
D:3:      layout_loops_ring, chequers_temple_overflow_minitemple, minitemple,
          uniq_terence, uniq_jessica
D:4:      layout_cave_pools, minmay_temple_entry_stoned_glass
D:5:      minmay_chambers_of_fours, layout_rooms, serial_shops, shop
D:6:      layout_rooms, hangedman_feature_mirror, nicolae_shop_self_help,
          uniq_duvessa
D:7:      minmay_klotski, layout_loops_ring
D:8:      layout_gridville, nicolae_shop_firing_range
D:9:      layout_rooms, uniq_harold
D:10:     layout_stronghold, nicolae_vehumet_altar_sigil, lair_entry_dummy,
          serial_demonic, serial_demonic_e, serial_demonic_d, serial_demonic_f,
          serial_demonic_a, roderic_lattice_a, lightli_minifort
D:11:     layout_loops_ring, uniq_erica, uniq_urug
D:12:     layout_basic, erik_orc_1, amcnicky_mini_rare_corridor_liquid
D:13:     layout_loops_ring, portal_ice_cave_entry_ice_simulacra
D:14:     layout_basic, skrybe_vaults_entry_preservation,
          chequers_serial_rivers_micro_e, hangedman_stone_soup, drop_trap,
          kennysheep_opposing_triangles
D:15:     gammafunk_enter_depths_forms, layout_stronghold,
          gammafunk_ghost_spectres, amethyst_killhole
Temple:   nicolae_temple_no_exploring_needed
Lair:1:   layout_small_grid
Lair:2:   layout_regular_city, minmay_shoals_entry_beasts,
          guppyfry_snake_entry_island, gammafunk_ghost_icy,
          nicolae_lair_lakeside_cave, uniq_maggie
Lair:3:   layout_gridlike, infiniplex_staircase_pool_2, uniq_sonja, uniq_snorg
Lair:4:   layout_cave_pods, slime_entry_1, lemuel_fruit_fields
Lair:5:   hangedman_lair_in_review, layout_regular_city, wormcave
Shoals:1: layout_shoals, uniq_mlioglotl
Shoals:2: layout_shoals, uniq_ilsuiw, uniq_nikola
Shoals:3: layout_shoals, ebering_ghost_davey_jones, st_shoals_ruin, uniq_donald
Shoals:4: shoals_end_hellmonk_storm_palace [storm_palace_center_circular,
          storm_palace_corner_reverse_hut, storm_palace_corner_pillars,
          storm_palace_corner_reverse_hut, storm_palace_corner_grid]
Snake:1:  layout_cave_shapes, serial_shops, shop, minmay_shop_star,
          serial_bayou_shore_a, grunt_megastairs_2, uniq_asterion, uniq_aizul,
          uniq_frances, uniq_louise
Snake:2:  layout_rooms, serial_shops, shop, grunt_ministairs_3
Snake:3:  layout_chambers, hangedman_feature_mirror, serial_bayou_pond_b
Snake:4:  grunt_snake_rune_pools, layout_cave_town
Slime:1:  layout_caves, nicolae_slime_barrier
Slime:2:  layout_caves
Slime:3:  layout_caves, nicolae_slime_phagocytosis
Slime:4:  layout_caves, basic_altar
Slime:5:  slime_pit
Orc:1:    layout_caves, serial_shops, shop, led_sif_book, uniq_jorgrun
Orc:2:    hellmonk_orc_salted, layout_caves, minmay_orc_barracks
Elf:1:    nicolae_elf_arrival_dilemma, layout_rooms, serial_shops,
          nicolae_shop_behind_doors, minmay_elf_crystal_hexagon,
          chequers_hall_statues_wall_a, minmay_elf_annihilation
Elf:2:    elven_hall_of_blades_hangedman_original
          [nicolae_blade_entry_diamond_columns], layout_loops_corners,
          feat_on_display, minmay_shoptagon
Elf:3:    minmay_elf_hall_furrowed, layout_geoelf_octagon, serial_shops,
          nicolae_lakefront_shop
Vaults:1: nicolae_vaults_door_testing_chamber, vaults_room_hallway,
          nicolae_vaults_network_square, nicolae_vaults_closet_pinwheel_5,
          nicolae_vaults_closet_pinwheel_1, vaults_room_stairs_pillars,
          nicolae_vaults_stepped_doors, layout_vaults_omnigrid
Vaults:2: portal_desolation_entry_holy_temple, st_octagons_2,
          nicolae_vaults_diagonal_hallway_9, vaults_room_boxed, v_misc_23,
          nicolae_vaults_lightning_bolt, nicolae_vaults_trapezoid_lopsided_4,
          v_misc_27, vaults_dpeg_emergency_exit, ontoclasm_vaults_hangar,
          nicolae_vaults_ring_of_whatevers, vaults_standard_mumra_x, v_misc_24,
          nicolae_vaults_trapezoid_4, nicolae_vaults_house_1,
          nicolae_vaults_trapezoid_lopsided_3, ontoclasm_vaults_chip,
          layout_vaults_omnibox, serial_shops, nicolae_shop_trees
Vaults:3: minmay_crypt_entry_simple_round, v_misc_2, st_squares, v_misc_22,
          nicolae_vaults_network_star, v_misc_22, v_misc_9,
          ontoclasm_vaults_ring_square, vaults_dpeg_cross,
          nicolae_vaults_tangram_2, nicolae_vaults_diamond_1,
          nicolae_vaults_tetromino_L_2, v_misc_33, vaults_room_semicircle,
          ontoclasm_vaults_twist, ontoclasm_vaults_gateway, layout_vaults_ring,
          serial_shops, shop_fountains, uniq_xtahua, uniq_jory, uniq_zenata
Vaults:4: v_misc_8, v_misc_1, nicolae_vaults_shelves_hall,
          nicolae_vaults_mini_display_case, grunt_vaults_hallway_short,
          nicolae_vaults_storage_closets_2, nicolae_vaults_double_plus_1,
          nicolae_vaults_tetromino_Z_1, layout_vaults_chaotic_city,
          serial_shops, bzr_entry_safe
Depths:1: layout_basic, nicolae_ashenzari_skybound, hangedman_coc_ice_floe,
          serial_bayou_pond_d, grunt_absolute_annihilation,
          serial_bayou_shore_b, minmay_shop_grove
Depths:2: minmay_the_grid_four_pointed_star_mashed
          [minmay_the_grid_triangle_9x9_shrine,
          minmay_the_grid_triangle_9x9_steps,
          minmay_the_grid_triangle_9x9_zippers_vertical,
          minmay_the_grid_triangle_9x9_descending_squares,
          minmay_the_grid_prize_inner_circle], layout_cave_pools,
          abyss_entry_flame_altar, minmay_hedge_maze, pf_hell_entry_tar_spiral,
          mu_enter_wizlab_2, pan_entry, serial_shops, shop_fountains,
          chequers_jeans, kennysheep_minor_cross
Depths:3: minmay_tri_box, layout_gridville, abyss_entry,
          minmay_misc_feat_enclosed, lightli_too_deep, serial_bayou_shore_b
Depths:4: grunt_zot_entry_pinwheel, layout_basic, enter_ziggurat_a, hell_entry,
          rand_demon_pan_entry_7, nicolae_trove_entry_isolated,
          minmay_misc_feat_tiny, nicolae_qazlal_general_emergency
Zot:1:    nicolae_moth_party, layout_misc_corridors, grunt_megastairs_5,
          uniq_tiamat

Skill      XL: |  1  2  3  4  5  6  7  8  9 10 11 12 13 14 15 16 17 18 19 20 21 22 23 24 |
---------------+-------------------------------------------------------------------------+-----
Unarmed Combat | 1 2 3 4 5 6 8 9 10 11 12 14 15 16 17 18 20 | 20.0
Throwing       | 1 2 4 5 6 7 9 10 12 13 14 15 16 17 19 20 | 20.5
Fighting       | 4 5 6 8 9 10 11 12 13 14 15 16 17 | 17.4
Evocations     | 2 3 4 5 |  5.4
Dodging        | 3 4 5 6 7 8 |  8.0
Invocations    | 3 4 7 8 |  8.0
Armour         | 4 5 9 11 12 13 | 13.0
Shields        | 8 9 10 12 13 14 16 18 | 18.3
Stealth        | |  1.5

Action                     |  1- 3 |  4- 6 |  7- 9 | 10-12 | 13-15 | 16-18 | 19-21 | 22-24 || total
---------------------------+-------+-------+-------+-------+-------+-------+-------+-------++-------
  Melee: Unarmed           |   126 |    88 |   145 |   382 |  1069 |  1156 |  1132 |   907 ||  5005
         Punch             |     3 |     5 |     9 |    38 |     6 |       |       |       ||    61
  Throw: Stone             |     1 |    10 |     3 |    10 |     2 |       |       |       ||    26
         Dart              |       |    16 |    19 |    52 |    86 |    41 |     2 |    15 ||   231
         Javelin           |       |       |     4 |       |     1 |    12 |    19 |    24 ||    60
         Large rock        |       |       |       |     1 |     5 |    46 |    32 |    43 ||   127
         Boomerang         |       |       |       |       |    28 |    82 |    61 |   152 ||   323
         Throwing net      |       |       |       |       |       |     5 |     2 |     1 ||     8
 Invoke: Recall Ancestor   |       |     1 |       |     3 |     4 |     8 |     4 |     1 ||    21
         Ancestor Identity |       |       |     1 |       |       |       |       |       ||     1
         Ancestor Life: He |       |       |     1 |       |       |       |       |       ||     1
         Transference      |       |       |       |     1 |       |     4 |     3 |     1 ||     9
         Idealise          |       |       |       |       |     1 |    12 |     4 |     5 ||    22
Ability: Evoke Blink       |       |       |       |       |       |       |       |     1 ||     1
  Evoke: Wand              |       |       |     7 |    15 |    19 |    59 |       |     2 ||   102
         Phantom mirror    |       |       |       |     2 |     2 |     3 |     1 |       ||     8
         Condenser vane    |       |       |       |     1 |     2 |     1 |       |     1 ||     5
         Box of beasts     |       |       |       |       |     1 |     3 |     1 |       ||     5
         Lightning rod     |       |       |       |       |     7 |     5 |     3 |       ||    15
         Phial of floods   |       |       |       |       |       |     2 |     1 |       ||     3
    Use: Scroll            |     4 |     2 |     5 |    11 |     7 |    22 |    16 |    15 ||    82
         Potion            |       |       |     2 |     1 |     2 |    10 |    10 |     1 ||    26
   Stab: Sleeping          |     3 |     6 |     8 |     1 |     3 |       |       |       ||    21
         Invisible         |       |       |     4 |       |     7 |       |       |       ||    11
         Confused          |       |       |     3 |    14 |    17 |    19 |    54 |    41 ||   148
         Distracted        |       |       |       |     6 |    21 |    30 |    26 |    16 ||    99
         Paralysed         |       |       |       |       |    48 |   100 |    71 |    44 ||   263
         Held in net/web   |       |       |       |       |       |       |     2 |       ||     2
 Armour: Robe              |    44 |    21 |    23 |       |       |       |       |       ||    88
         Steam dragon scal |       |       |     3 |     3 |       |       |       |       ||     6
         Troll leather arm |       |       |       |    29 |   105 |   109 |       |       ||   243
         Acid dragon scale |       |       |       |    11 |       |       |       |       ||    11
         Ice dragon scales |       |       |       |       |       |    61 |     7 |       ||    68
         Gold dragon scale |       |       |       |       |       |       |   299 |   368 ||   667
  Dodge: Dodged            |    55 |    41 |    66 |   189 |   554 |   450 |   198 |   141 ||  1694
  Block: Kite shield       |       |       |       |       |   417 |    59 |    52 |       ||   528
         Tower shield      |       |       |       |       |       |   886 |   749 |   583 ||  2218
         Reflection        |       |       |       |       |       |       |       |     5 ||     5

Table legend: (Time is in decaauts)
 A = Elapsed time spent in this place.
 B = Non-inter-level travel time spent in this place.
 C = Inter-level travel time spent in this place.
 D = Time resting spent in this place.
 E = Time spent auto-exploring this place.
 F = Levels seen in this place.
 G = Mean time per level.
                   A        B        C        D        E       F      G
               +--------+--------+--------+--------+--------+-----+--------+
         Total |  56063 |  46659 |   9404 |   2242 |  24989 |  53 | 1057.8 |
       Dungeon |  18484 |  14226 |   4258 |    486 |   8350 |  15 | 1232.3 |
        Temple |      1 |      1 |      0 |      0 |      0 |   1 |    1.0 |
          Lair |   7397 |   5892 |   1505 |    457 |   3224 |   5 | 1479.4 |
        Shoals |   4412 |   3749 |    663 |    233 |   1266 |   4 | 1103.0 |
     Snake Pit |   5826 |   5118 |    708 |    430 |   2454 |   4 | 1456.5 |
    Slime Pits |    692 |    619 |     73 |     12 |     77 |   5 |  138.4 |
  Orcish Mines |   2210 |   1672 |    538 |     69 |    833 |   2 | 1105.0 |
   Elven Halls |   2422 |   2059 |    363 |      0 |   1442 |   3 |  807.3 |
        Vaults |   7606 |   7044 |    562 |    310 |   4556 |   4 | 1901.5 |
        Depths |   4926 |   4194 |    732 |    182 |   2526 |   4 | 1231.5 |
           Zot |      9 |      9 |      0 |      0 |      0 |   1 |    9.0 |
        Bazaar |     69 |     69 |      0 |      0 |      3 |   1 |   69.0 |
         Trove |     53 |     53 |      0 |      0 |     12 |   1 |   53.0 |
      Ice Cave |    635 |    635 |      0 |     14 |     55 |   1 |  635.0 |
        Wizlab |    558 |    558 |      0 |     16 |      0 |   1 |  558.0 |
    Desolation |    756 |    756 |      0 |     32 |    191 |   1 |  756.0 |
               +--------+--------+--------+--------+--------+-----+--------+

Top non-repeatable levels by time:
Vaults:3: 3140 daAuts
  Lair:2: 2211 daAuts
     D:8: 2187 daAuts
 Snake:4: 1976 daAuts
 Snake:1: 1923 daAuts
    D:10: 1913 daAuts
    D:14: 1892 daAuts
Vaults:2: 1744 daAuts
    D:12: 1713 daAuts
    D:15: 1641 daAuts
   Orc:2: 1629 daAuts
  Lair:5: 1619 daAuts
Shoals:4: 1545 daAuts
Vaults:1: 1485 daAuts
  Lair:1: 1475 daAuts
